 Dungeon Crawl Stone Soup version 0.19.0-9-gfd783f2 (webtiles) character file.

2573 Leybi the Geomancer (level 9, -6/54 HPs)
             Began as a Gargoyle Earth Elementalist on Nov 7, 2016.
             Was an Initiate of Vehumet.
             Mangled by an orc warrior
             ... wielding a +2 flail of crushing
              (21 damage)
             ... on level 7 of the Dungeon.
             The game lasted 00:25:24 (8098 turns).

Leybi the Geomancer (Gargoyle Earth Elementalist)   Turns: 8098, Time: 00:25:25

Health: -6/54      AC:  8    Str: 11    XL:     9   Next: 57%
Magic:  7/21       EV: 12    Int: 20    God:    Vehumet [......]
Gold:   322        SH:  0    Dex: 10    Spells: 2 memorised, 20 levels left

rFire  . . .     SeeInvis .     b - 111 stones
rCold  . . .     Gourm    .     c - +0 robe
rNeg   + . .     Faith    .     (no shield)
rPois  ∞         Spirit   .     (no helmet)
rElec  +         Reflect  .     (no cloak)
rCorr  +         Harm     .     (no gloves)
MR     .....                    w - +0 pair of boots
Stlth  ++........               (no amulet)
                                H - ring of wizardry
                                E - ring of resist corrosion

@: no status effects
A: negative energy resistance 1, electricity resistance, unbreathing,
petrification resistance, rot immunity, AC +5
a: Renounce Religion


You were on level 7 of the Dungeon.
You worshipped Vehumet.
Vehumet was noncommittal.
You were not hungry.

You visited 2 branches of the dungeon, and saw 9 of its levels.

You collected 322 gold pieces.

Inventory:

Hand Weapons
 k - the +6 great sword "Naemmara" {flame, Int+5}
   (You found it on level 4 of the Dungeon)

   It has been specially enchanted to burn those struck by it, causing extra
   injury to most foes and up to half again as much damage against particularly
   susceptible opponents.
   Big, fiery blades are also staple armaments of hydra-hunters.
   It affects your intelligence (+5).
 z - a +0 whip of flaming
Missiles
 b - 111 stones (in hand)
Armour
 c - a +0 robe (worn)
 w - a +0 pair of boots (worn)
Jewellery
 E - a ring of resist corrosion (left hand)
 H - a ring of wizardry (right hand)
Wands
 v - a wand of confusion (16/48)
 B - a wand of slowing (24/48)
 D - a wand of teleportation (6/9)
Scrolls
 g - 11 scrolls of identify {unknown}
 h - a scroll of remove curse {unknown}
 i - 2 scrolls of random uselessness {unknown}
 l - 4 scrolls of amnesia {unknown}
 q - a scroll of blinking {unknown}
 s - a scroll of magic mapping {unknown}
 t - a scroll of recharging {unknown}
 y - a scroll of fear {unknown}
 G - a scroll of noise {unknown}
Potions
 a - 2 potions of lignification {unknown}
 j - a potion of mutation {unknown}
 m - 7 potions of curing {unknown}
 n - 2 potions of resistance {unknown}
 o - a potion of cancellation {unknown}
 p - 2 potions of flight {unknown}
 u - 2 potions of invisibility {unknown}
 x - a potion of agility {unknown}
 A - a potion of brilliance {unknown}
 C - a potion of might {unknown}
Books
 e - a book of Geomancy

   Spells                             Type                      Level
   a - Sandblast                      Earth                        1
   b - Passwall                       Transmutation/Earth          2
   c - Stone Arrow                    Conjuration/Earth            3
   d - Petrify                        Transmutation/Earth          4
   e - Lee's Rapid Deconstruction     Earth                        5
 F - a book of Minor Magic

   Spells                             Type                      Level
   a - Magic Dart                     Conjuration                  1
   b - Blink                          Translocation                2
   c - Call Imp                       Summoning                    2
   d - Repel Missiles                 Charms/Air                   2
   e - Slow                           Hexes                        2
   f - Conjure Flame                  Conjuration/Fire             3
   g - Mephitic Cloud                 Conjuration/Poison/Air       3
Comestibles
 d - 2 bread rations
 f - 5 meat rations


   Skills:
 + Level 5.4 Fighting
 - Level 1.5 Dodging
 - Level 2.2 Stealth
 * Level 8.1 Spellcasting
 + Level 5.1 Conjurations
   Level 0.7 Transmutations
 + Level 8.1 Earth Magic


You had 20 spell levels left.
You knew the following spells:

 Your Spells              Type           Power        Failure   Level  Hunger
a - Sandblast             Erth           #####.       1%          1    None
b - Stone Arrow           Conj/Erth      ####..       1%          3    None


Dungeon Overview and Level Annotations

Branches:
Dungeon (8/15)             Temple (1/1) D:7
   Lair: D:8-11

Altars:
Ashenzari
Cheibriados
Dithmenos
Elyvilon
Fedhas
Gozag
Hepliaklqana
Kikubaaqudgha
Makhleb
Nemelex Xobeh
Qazlal
Ru
Sif Muna
Trog
Uskayaw
Vehumet
Xom
Yredelemnul
Zin
The Shining One


Innate Abilities, Weirdness & Mutations

You are resistant to torment.
Your stone body is resilient. (AC +5)
You are immune to poison.
You resist negative energy. (rN+)
You are resistant to electric shocks. (rElec)
You can survive without breathing.
You are immune to petrification.
You are immune to rotting.


Message History

The rocky blast hits the orc warrior.
The orc warrior is severely wounded.
Casting: Sandblast
Confirm with . or Enter, or press ? or * to list all spells.
Aiming: Sandblast
Press: ? - help, Shift-Dir - straight line, f/p - orc warrior
Aim: an orc warrior, wielding a flail of crushing and wearing a plate armour (severely wounded)
The rocky blast hits the orc warrior.
The orc warrior is severely wounded.
The orc warrior hits you with a flail of crushing!
* * * LOW HITPOINT WARNING * * *
Casting: Sandblast
Confirm with . or Enter, or press ? or * to list all spells.
Aiming: Sandblast
Press: ? - help, Shift-Dir - straight line, f/p - orc warrior
Aim: an orc warrior, wielding a flail of crushing and wearing a plate armour (severely wounded)
The rocky blast hits the orc warrior.
The orc warrior is severely wounded.
The orc warrior hits you with a flail of crushing!!
You die...

########†###.#..).####...
#.....##.# #.#<#.....#...
#.....##.# #.###.###.#...
#.....##.###.......#.#...
#.....#..........#.#.#...
#.....#..#######.#...#...
#.....#..##############..
######.....#..................
#............@o...............
##.###.....##############.....
#.# #.....# #..... #.#
#.....##############..... #.#
###...................... #.#
#...............<...... #.#
#...................).. #.#
#...................... #.#
#......................


You could see an orc warrior.

Vanquished Creatures
  A hill giant (D:6)
  Sigmund (D:4)
  A hornet zombie (D:5)
  2 ice beasts
  An orc warrior (D:7)
  A phantom (D:5)
  4 ogres
  A centaur (D:5)
  A big kobold (D:8)
  3 scorpions
  3 killer bees (D:7)
  A howler monkey (D:8)
  2 jellies
  A quasit (D:6)
  A bullfrog skeleton (D:6)
  2 hounds
  5 orc wizards
  An orc priest (D:8)
  2 iguanas
  Terence (D:3)
  4 worker ants
  A hound skeleton (D:4)
  3 adders
  A shadow imp (D:6)
  An adder skeleton (D:7)
  5 worms
  A dart slug (D:1)
  2 leopard geckos
  15 orcs
  5 giant cockroaches
  9 goblins
  12 hobgoblins
  7 jackals
  9 kobolds
  6 bats
  4 frilled lizards
  A leopard gecko skeleton (D:6)
  4 rats
125 creatures vanquished.

Notes
Turn   | Place    | Note
-------+----------+-------------------------------------------
     0 | D:1      | Leybi the Gargoyle Earth Elementalist began the quest for the Orb.
     0 | D:1      | Reached XP level 1. HP: 10/10 MP: 3/3
   162 | D:1      | Reached XP level 2. HP: 15/15 MP: 0/5
   478 | D:1      | You fall through a shaft!
   519 | D:2      | Found a sparkling altar of Nemelex Xobeh.
  1036 | D:2      | Reached XP level 3. HP: 19/19 MP: 1/7
  1182 | D:2      | Found a stormy altar of Qazlal.
  1183 | D:2      | Found a glowing silver altar of Zin.
  1510 | D:3      | Noticed Terence
  1519 | D:3      | Killed Terence
  1519 | D:3      | Reached XP level 4. HP: 17/24 MP: 0/8
  2178 | D:3      | Found an ancient bone altar of Kikubaaqudgha.
  2178 | D:3      | Found a blossoming altar of Fedhas.
  2206 | D:3      | Reached XP level 5. HP: 17/28 MP: 1/10
  2383 | D:3      | Reached skill level 5 in Earth Magic
  2553 | D:3      | Found a hazy altar of Hepliaklqana.
  2733 | D:4      | Found a sacrificial altar of Ru.
  2741 | D:4      | Reached XP level 6. HP: 31/32 MP: 6/13
  2746 | D:4      | Learned a level 3 spell: Stone Arrow
  2746 | D:4      | Noticed Sigmund
  2751 | D:4      | Killed Sigmund
  2751 | D:4      | Reached skill level 1 in Fighting
  2751 | D:4      | Reached skill level 5 in Spellcasting
  2751 | D:4      | Reached skill level 1 in Conjurations
  3164 | D:4      | Got an encrusted great sword
  3406 | D:4      | Reached XP level 7. HP: 39/39 MP: 9/15
  3407 | D:4      | Identified the +6 great sword "Naemmara" {flame, Int+5} (You found it on level 4 of the Dungeon)
  4037 | D:5      | Entered Level 5 of the Dungeon
  4504 | D:5      | Reached XP level 8. HP: 14/46 MP: 14/17
  5408 | D:6      | Found a hide-covered altar of Uskayaw.
  5489 | D:6      | Noticed a hill giant
  5503 | D:6      | Killed a hill giant
  5506 | D:6      | Reached XP level 9. HP: 21/52 MP: 0/19
  6524 | D:7      | Found a staircase to the Ecumenical Temple.
  6546 | Temple   | Entered the Ecumenical Temple
  6700 | Temple   | Became a worshipper of Vehumet
  7061 | D:7      | Reached skill level 5 in Fighting
  7659 | D:8      | Reached skill level 5 in Conjurations
  8098 | D:7      | Mangled by an orc warrior

Skill      XL: |  1  2  3  4  5  6  7  8  9 |
---------------+----------------------------+-----
Earth Magic    | 4 5 6 7 8 |  8.1
Spellcasting   | 3 4 5 6 7 8 |  8.1
Fighting       | 1 3 4 5 |  5.4
Conjurations   | 1 2 4 5 |  5.1
Dodging        | |  1.5
Stealth        | |  2.2
Transmutations | |  0.7

Action                   |  1- 3 |  4- 6 |  7- 9 || total
-------------------------+-------+-------+-------++-------
Melee: Unarmed           |     1 |       |       ||     1
       Mace              |       |    27 |       ||    27
       Great sword       |       |       |   126 ||   126
 Cast: Sandblast         |    64 |    64 |    29 ||   157
       Stone Arrow       |       |       |    21 ||    21
 Stab: Sleeping          |       |       |     5 ||     5
  Eat: Chunk             |     2 |     6 |    13 ||    21
       Pizza             |       |       |     1 ||     1
Armor: Robe              |    12 |    22 |    66 ||   100
Dodge: Dodged            |    29 |    32 |   136 ||   197
       Rpst.: Great sword |       |       |    40 ||    40
